 Dungeon Crawl Stone Soup version 0.14-a0-1876-g927fc3a (webtiles) character file.

650 4tharraofdagon the Firebug (level 7, -13/58 HPs)
             Began as a Djinni Fire Elementalist on Jan 14, 2014.
             Was an Initiate of Vehumet.
             Killed from afar by Grinder (15 damage)
             ... with a wand of frost
             ... while paralysed by Grinder
             ... on Level 4 of the Dungeon.
             The game lasted 00:09:15 (1157 turns).

4tharraofdagon the Firebug (DjFE)                   Turns: 1157, Time: 00:09:15

HP -13/58        AC  3     Str  9      XL: 7   Next:  4%
MP   0/0         EV  2     Int 17      God: Vehumet [......]
Gold 117         SH  0     Dex 13      Spells:  3 memorised,  6 levels left

rFire  + + +     SeeInvis .     i - +0 spear
rCold  x . .     Clarity  .     e - +0 leather armour
rNeg   + + +     Conserve .     (no shield)
rPois  .         rCorr    .     (no helmet)
rElec  .         rRot     .     (no cloak)
SustAb . .       Spirit   .     (no gloves)
rMut   .         Warding  .     (boots unavailable)
Saprov . . .     Stasis   .     (no amulet)
MR     .....                    (no ring)
                                (no ring)

@: paralysed, flying, not resistant to hostile enchantments, unstealthy
A: fire immunity, cold vulnerability, life protection 3
a: Renounce Religion


You were on level 4 of the Dungeon.
You worshipped Vehumet.
Vehumet was noncommittal.
You were not hungry.

You visited 1 branch of the dungeon, and saw 5 of its levels.

You collected 117 gold pieces.

Inventory:

Hand weapons
 c - a +0,+1 dwarven dagger
 d - a +0,+0 short sword
 g - a +2,+2 dagger
 i - a +0,+0 spear (weapon)
 m - a +0 blowgun
Missiles
 j - 19 sling bullets
 n - 10 poisoned needles
Armour
 a - a +0 robe
 e - a +0 leather armour (worn)
Magical devices
 h - a wand of magic darts (9)
Scrolls
 k - a scroll of recharging {unknown}
 p - a scroll of immolation {unknown}
 q - a scroll of identify {unknown}
Jewellery
 f - an uncursed amulet of resist mutation {unknown}
Potions
 l - a potion of cure mutation {unknown}
 o - a potion of restore abilities
Books
 b - a book of Flames

   Spells                             Type                      Level
   *Flame Tongue                      Conjuration/Fire             1
   Throw Flame                        Conjuration/Fire             2
   *Conjure Flame                     Conjuration/Fire             3
   Inner Flame                        Hexes/Fire                   3
   *Sticky Flame                      Conjuration/Fire             4
   Fireball                           Conjuration/Fire             5


   Skills:
 - Level 1.7 Dodging
 - Level 1.5 Stealth
 + Level 4.3 Spellcasting
 * Level 5.2 Conjurations
 * Level 7.2 Fire Magic


You had 6 spell levels left.
You knew the following spells:

 Your Spells              Type           Power        Failure   Level  Hunger
a - Flame Tongue          Conj/Fire      ###..        1%          1    None
b - Conjure Flame         Conj/Fire      ###.....     4%          3    ###....
c - Sticky Flame          Conj/Fire      ###.....     14%         4    ####...


Dungeon Overview and Level Annotations

Branches:
Dungeon (5/16)
 Temple: D:4-7

Altars:
Vehumet

Annotations:
D:4 Grinder


Innate Abilities, Weirdness & Mutations

You are immune to all types of fire, even holy and hellish.
You are vulnerable to cold.
You need no food.
You have no legs.
You are immune to negative energy.


Message History

Aiming: Conjure Flame
Press: ? - help, Dir - move target cursor The fire roars!
You are very lightly contaminated with residual magic.
Grinder gestures.
Grinder blinks!
Grinder gestures at you.
You suddenly lose the ability to move!
Grinder zaps a wand.
The puff of frost hits you!
You feel a terrible chill!
* * * LOW HITPOINT WARNING * * *
Grinder says, "Just stop there for a second..."
Grinder gestures at you. Pain shoots through your body!
* * * LOW HITPOINT WARNING * * *
Grinder gestures.
Grinder blinks!
Your magical contamination has completely faded away.
Grinder says, "You look like you could use a good racking."
Grinder zaps a wand.
The puff of frost hits you!
You feel a terrible chill!
You die...

#.# #.# #.##### #.#
##### ........#### #.#
#.... ....5......## #.#
#....
........##§.###'########
#.... .......
##.#..........# #....
....... #.#.....5....#
#.... .......
#.§.@........+ #....
...... ###..........#
#.... ..... #..........#
+.... .... #..........#
#.... # ##+#########
#####


You could see Grinder.

Vanquished Creatures
  A phantom (D:5)
  A sky beast (D:5)
  A black bear (D:5)
  An ogre (D:5)
  2 hounds (D:5)
  A jelly (D:5)
  A centaur skeleton (D:5)
  2 adders
  A gnoll (D:4)
  A worm (D:3)
  A giant gecko (D:4)
  2 bats
  2 giant cockroaches
  5 goblins
  A hobgoblin (D:3)
  2 jackals (D:3)
  7 kobolds
  A giant newt (D:3)
  An orc skeleton (D:5)
  A rat (D:3)
35 creatures vanquished.

Notes
Turn   | Place    | Note
--------------------------------------------------------------
     0 | D:1      | 4tharraofdagon, the Djinni Fire Elementalist, began the quest for the Orb.
     0 | D:1      | Reached XP level 1. HP: 14/14 MP: 0/0
   140 | D:3      | Reached XP level 2. EP: 7/22
   304 | D:4      | Reached XP level 3. EP: 14/27
   535 | D:3      | Learned a level 3 spell: Conjure Flame
   580 | D:5      | Entered Level 5 of the Dungeon
   586 | D:5      | Reached skill level 5 in Fire Magic
   586 | D:5      | Reached XP level 4. EP: 24/35
   610 | D:5      | Noticed a phantom
   646 | D:5      | Killed a phantom
   646 | D:5      | Reached XP level 5. EP: 4/42
   660 | D:5      | Noticed a sky beast
   805 | D:5      | Killed a sky beast
   805 | D:5      | Reached skill level 6 in Fire Magic
   830 | D:5      | Noticed a black bear
   870 | D:5      | Killed a black bear
   870 | D:5      | Reached XP level 6. EP: 23/50
   889 | D:5      | Learned a level 4 spell: Sticky Flame
  1004 | D:5      | Noticed an ogre
  1016 | D:5      | Killed an ogre
  1016 | D:5      | Reached skill level 5 in Conjurations
  1016 | D:5      | Reached skill level 7 in Fire Magic
  1027 | D:5      | Found a radiant altar of Vehumet.
  1043 | D:5      | Became a worshipper of Vehumet
  1117 | D:5      | Reached XP level 7. EP: 17/58
  1143 | D:4      | Noticed Grinder
  1153 | D:4      | Paralysed by Grinder for 5 turns
  1155 | D:4      | HP: 2/58 [Grinder/nerve-wracking pain (7)]
  1157 | D:4      | Killed from afar by Grinder

Action                   |  1- 3 |  4- 6 |  7- 9 || total
-------------------------+-------+-------+-------++-------
Melee: Dagger            |    11 |     6 |       ||    17
       Spear             |       |     9 |       ||     9
 Fire: Blowgun           |       |    17 |       ||    17
 Cast: Flame Tongue      |    37 |    27 |       ||    64
       Conjure Flame     |     1 |     5 |     1 ||     7
       Sticky Flame      |       |     1 |       ||     1
Evoke: Wand              |       |     1 |       ||     1
  Use: Potion            |     4 |       |       ||     4
       Scroll            |       |     2 |       ||     2
